 Dungeon Sprint DCSS version 0.16-a0-1183-g5b05a17 (webtiles) character file.

1027 Ololoev the Deadly Accurate (level 8, 0/74 HPs)
             Began as an Ogre Hunter on Oct 10, 2014.
             Was a Believer of Trog.
             Slain by a centaur warrior (7 damage)
             ... in the Dungeon (Sprint I: "Red Sonja").
             The game lasted 00:03:34 (908 turns).

Ololoev the Deadly Accurate (Ogre Hunter)            Turns: 908, Time: 00:03:35

Health: 0/74       AC:  3    Str: 20    XL:     8   Next: 23%
Magic:  8/8        EV: 10    Int: 10    God:    Trog [**....]
Gold:   405        SH:  0    Dex: 10    Spells: 0 memorised, 7 levels left

rFire  . . .     SeeInvis .     l - -2 giant spiked club (curse)
rCold  . . .     Clarity  .     d - +0 animal skin
rNeg   . . .     SustAb   .     (shield restricted)
rPois  .         Gourm    .     (helmet restricted)
rElec  .         Spirit   .     (no cloak)
rCorr  .         Warding  .     (gloves unavailable)
rMut   .         NoTele   +     (boots unavailable)
MR     ++...                    (no amulet)
Stlth  +.........               (no ring)
                                (no ring)

@: regenerating, very resistant to hostile enchantments, very unstealthy
A: unfitting armour, tough skin 1
a: Burn Spellbooks, Berserk, Trog's Hand, Renounce Religion


You were in the Dungeon.
You worshipped Trog.
Trog was pleased with you.
You were hungry.

You visited 1 branch You collected 405 gold pieces.

Inventory:

Hand weapons
 l - a cursed -2 giant spiked club (weapon)
Missiles
 b - 5 large rocks (quivered)
 c - 2 throwing nets
Armour
 d - a +0 animal skin (worn)
Comestibles
 f - a meat ration
Scrolls
 k - a scroll of blinking
Potions
 e - a potion of curing
 h - a potion of haste
 i - 2 potions of magic


   Skills:
 - Level 2.6 Fighting
 + Level 11.8 Maces & Flails
 - Level 15.9 Throwing
 - Level 1.7 Dodging
 - Level 0.7 Stealth


You had 7 spell levels left.
You didn't know any spells.

Dungeon Overview and Level Annotations

Branches:
Dungeon (1/1)

Altars:
Cheibriados
Dithmenos
Elyvilon
Fedhas
Gozag
Kikubaaqudgha
Makhleb
Nemelex Xobeh
Okawaru
Qazlal
Sif Muna
Trog
Vehumet
Xom
Yredelemnul
Zin
The Shining One
Jiyva

Shops:
D :


Innate Abilities, Weirdness & Mutations

You are too large for most types of armour.
You have tough skin (AC +1).


Message History

The centaur warrior shouts!
The centaur warrior hits you!
The centaur warrior hits you but does no damage.
The centaur warrior closely misses you. The centaur warrior hits you!
You closely miss the centaur warrior. The centaur warrior hits you!
The centaur warrior hits you! The centaur warrior hits you.
The centaur warrior closely misses you.
Drink which item? (? for menu, Esc to quit)
You feel much better. The centaur warrior hits you!
The centaur warrior hits you! The centaur warrior hits you.
* * * LOW HITPOINT WARNING * * *
Drink which item? (? for menu, Esc to quit)
Okay, then.
Use which ability? (? or * to list)
Your skin crawls.
You feel resistant to hostile enchantments.
You feel slightly more hungry. The centaur warrior hits you!
* * * LOW HITPOINT WARNING * * *
The centaur warrior hits you!
You die...

########################
.#..)..#..'..#__#..)...#
.[..#..').#..'..'.)#...#
.#####'#####'#__####...+
.####..#...#.####/§#####
.#__####..##.#§§§§§#
.#_..._##'#..'§§@c§+
⌠#_.∩...'..._#§§§c§#
##_..._##_.#'##+####
#_____###+#(# #######
###


You could see 2 centaur warriors.

Vanquished Creatures
  2 kobold demonologists (D)
  A slime creature (D)
  A yak (D)
  An ogre (D)
  Sigmund (D)
  A jelly (D)
  Ijyb (D)
  A giant eyeball (D)
9 creatures vanquished.

Vanquished Creatures (others)
  A gargoyle (D)
1 creature vanquished.

Grand Total: 10 creatures vanquished

Notes
Turn   | Place    | Note
--------------------------------------------------------------
     0 | D        | Ololoev, the Ogre Hunter, began the quest for the Orb.
     0 | D        | Reached XP level 1. HP: 22/22 MP: 1/1
     1 | D        | Noticed Ijyb
     8 | D        | Killed Ijyb
     8 | D        | Reached skill level 7 in Throwing
     8 | D        | Reached XP level 2. HP: 23/29 MP: 2/2
    74 | D        | Noticed an ogre
    77 | D        | Killed an ogre
    77 | D        | Reached skill level 10 in Throwing
    77 | D        | Reached XP level 3. HP: 13/36 MP: 3/3
    77 | D        | Reached XP level 4. HP: 15/44 MP: 4/4
   286 | D        | Noticed Sigmund
   290 | D        | Killed Sigmund
   290 | D        | Reached skill level 12 in Throwing
   290 | D        | Reached XP level 5. HP: 38/50 MP: 5/5
   532 | D        | Found a deep blue altar of Sif Muna.
   533 | D        | Noticed a jelly
   534 | D        | Killed a jelly
   535 | D        | Found a radiant altar of Vehumet.
   560 | D        | Noticed a centaur warrior
   564 | D        | Found Thriront's Book Emporium.
   564 | D        | Found a white marble altar of Elyvilon.
   564 | D        | Found a stormy altar of Qazlal.
   564 | D        | Found a burning altar of Makhleb.
   564 | D        | Found a basalt altar of Yredelemnul.
   564 | D        | Found a glowing golden altar of the Shining One.
   564 | D        | Found a sparkling altar of Nemelex Xobeh.
   564 | D        | Found a shimmering altar of Xom.
   564 | D        | Found an opulent altar of Gozag.
   564 | D        | Found an ancient bone altar of Kikubaaqudgha.
   564 | D        | Found a glowing silver altar of Zin.
   564 | D        | Noticed a yak
   568 | D        | Killed a yak
   568 | D        | Reached skill level 14 in Throwing
   568 | D        | Reached XP level 6. HP: 37/59 MP: 6/6
   569 | D        | Found an iron altar of Okawaru.
   571 | D        | Found a bloodstained altar of Trog.
   583 | D        | Became a worshipper of Trog the Wrathful
   635 | D        | Killed a gargoyle
   684 | D        | Found a snail-covered altar of Cheibriados.
   684 | D        | Found a viscous altar of Jiyva.
   684 | D        | Found a shadowy altar of Dithmenos.
   684 | D        | Found a blossoming altar of Fedhas.
   684 | D        | Noticed a slime creature
   686 | D        | Killed a slime creature
   686 | D        | Reached skill level 15 in Throwing
   686 | D        | Reached XP level 7. HP: 66/66 MP: 7/7
   703 | D        | Noticed a kobold demonologist
   706 | D        | Noticed a kobold demonologist
   708 | D        | Killed a kobold demonologist
   708 | D        | Acquired Trog's first power
   709 | D        | Noticed a sun demon
   712 | D        | Killed a kobold demonologist
   712 | D        | Acquired Trog's second power
   712 | D        | Reached XP level 8. HP: 74/74 MP: 8/8
   783 | D        | Noticed a centaur warrior
   908 | D        | Slain by a centaur warrior

Action                   |  1- 3 |  4- 6 |  7- 9 || total
-------------------------+-------+-------+-------++-------
Melee: Club              |     1 |       |       ||     1
       Giant spiked club |       |       |     4 ||     4
Throw: Large rock        |     8 |    11 |     5 ||    24
       Throwing net      |     1 |       |       ||     1
Invok: Trog's Hand       |       |       |     1 ||     1
  Use: Potion            |       |     1 |     2 ||     3
       Scroll            |       |     1 |       ||     1
 Stab: Held in net/web   |     1 |       |       ||     1
